 Dungeon Crawl Stone Soup version 0.31-a0-174-g85c54bcb58 (webtiles) character file.

Game seed: 9778485312555663475

18258 qw the Cleaver (level 12, -2/78 HPs)
             Began as a Gargoyle Fighter on June 15, 2023.
             Was an Elder of Okawaru.
             Slain by Fannar
             ... wielding a staff of cold
              (7 damage)
             ... on level 2 of the Lair of Beasts.
             The game lasted 00:05:55 (11737 turns).

qw the Cleaver (Gargoyle Fighter)                  Turns: 11737, Time: 00:05:55

Health: -2/78      AC: 23    Str: 34    XL:     12   Next: 56%
Magic:  15/16      EV: 11    Int: 11    God:    Okawaru [****..]
Gold:   209        SH:  6    Dex:  9    Spells: 11/11 levels left

rFire   . . .        Y - +0 war axe (elec)
rCold   . . .        c - +0 buckler
rNeg    + . .        l - +0 chain mail
rPois   inf          n - +1 helmet
rElec   +            (no cloak)
rCorr   +            (no gloves)
SInv    .            (no boots)
Will    .....        i - amulet of faith
Stlth   +            b - +6 ring of strength
HPRegen 0.33/turn    r - ring of Kely {rPois Will- rCorr Str+5 Stlth+}
MPRegen 0.15/turn

%: faith
@: about to teleport, heroic
A: sickness immunity, AC +8, negative energy resistance 1, electricity
resistance, torment resistance 1, petrification resistance
a: Renounce Religion, Heroism, Finesse


You were on level 2 of the Lair of Beasts.
You worshipped Okawaru.
Okawaru was greatly pleased with you.
You visited 3 branches of the dungeon, and saw 12 of its levels.

You collected 667 gold pieces.
You spent 458 gold pieces at shops.


Innate Abilities, Weirdness & Mutations

You are immune to sickness and miasma.
Your stone body is resilient. (AC +8)
You are immune to poison.
You resist negative energy. (rN+)
You are resistant to electric shocks. (rElec)
You are resistant to unholy torment.
You are immune to petrification.


   Skills:
 + Level 10.3(15.3) Fighting
 - Level 14.1(19.1) Axes
 - Level 1.3(6.3) Throwing
 - Level 7.1(12.1) Armour
 - Level 2.0(7.0) Dodging
 - Level 6.7(11.7) Shields
 + Level 5.9 Invocations


You had 11 spell levels left.
You didn't know any spells.
Your spell library was empty.

Inventory:

Hand Weapons
 j - a +2 flail of holy wrath
 Y - a +0 war axe of electrocution (weapon)
Armour
 c - a +0 buckler (worn)
 e - a +1 ring mail of fire resistance
 l - a +0 chain mail (worn)
 n - a +1 helmet (worn)
Jewellery
 b - a +6 ring of strength (left hand)
 i - an amulet of faith (around neck)
 q - a ring of protection from fire
 r - the ring of Kely (right hand) {rPois Will- rCorr Str+5 Stlth+}
   (You found it on level 7 of the Dungeon)

   [ring of resist corrosion]

   Str:       It affects your strength (+5).
   rPois:     It protects you from poison.
   rCorr:     It protects you from acid and corrosion.
   Will:      It decreases your willpower.
   Stlth:     It makes you more stealthy.
 s - a ring of protection from fire
 t - a ring of positive energy
Scrolls
 g - a scroll of teleportation
 h - a scroll of identify
 p - a scroll of enchant weapon {unknown}
Potions
 a - a potion of haste
 d - 2 potions of might
 f - 2 potions of curing
 k - a potion of lignification
 m - a potion of attraction
 o - a potion of resistance

Dungeon Overview and Level Annotations

Branches:
Dungeon (9/15)             Temple (1/1) D:5            Lair (2/5) D:9
  Swamp (0/4) Lair:2
  Snake: Lair:2-3    Spider: Lair:2-3       Orc: D:9-12

Altars:
Ashenzari
Cheibriados
Dithmenos
Elyvilon
Fedhas
Gozag
Hepliaklqana
Kikubaaqudgha
Makhleb
Nemelex Xobeh
Okawaru
Qazlal
Ru
Sif Muna
Trog
Uskayaw
Vehumet
Wu Jian
Xom
Yredelemnul
Zin
The Shining One

Shops:
D:6 [[!==

Portals:
Ice
Cave: Lair:2

Annotations:
D:8 2 transporters
Lair:2 Fannar


Message History

You closely miss the ice beast. You slash the ice beast!
Fannar gestures at you while chanting.
The bolt of cold hits the ice beast.
The ice beast completely resists.
The bolt of cold hits you but does no damage.
The ice beast hits you but does no damage.
You slash the ice beast!
The ice beast is almost dead.
You closely miss the ice beast.
The ice beast hits you but does no damage.
You slash the ice beast!
You kill the ice beast!
The ice beast disappears in a puff of smoke!
You closely miss the ice beast. You block the ice beast's attack.
You completely miss the ice beast. You slash the ice beast!
The ice beast is heavily wounded.
You block the ice beast's attack.
You hit the ice beast but do no damage.
The ice beast is heavily wounded.
The ice beast barely misses you.
You hit the ice beast but do no damage.
The ice beast is heavily wounded.
Fannar says, "You will make a fine ice sculpture."
Fannar casts a spell.
Fannar drains the heat from the surrounding environment!
The ice beast hits you but does no damage.
You slice the ice beast!!
You kill the ice beast!
The ice beast disappears in a puff of smoke!
Fannar gestures at you while chanting. The bolt of cold hits you!!
11736 ||| READING 2 scrolls of teleportation.
As you read the scroll of teleportation, it crumbles to dust.
You feel strangely unstable.
Fannar says, "Freeze!"
You slash Fannar!
Fannar is almost dead.
Fannar hits you but does no damage. Fannar freezes you!
You die...

####.........
#.................
#.................
##...........?.>...
##..................
#####...................
........................
........................
##.#.##.##.P....@e......
##.#########.#.#.#.###.
##.### ##.#### #.8..#
### .....## ..<.8.#
.....## ..8.## #####


You could see Fannar.

Vanquished Creatures
  A two-headed ogre (D:9)
  A boulder beetle (Lair:1)
  Nergalle (Lair:1)
  Pikel (D:5)
  3 black mambas
  A torpor snail (D:9)
  5 cane toads
  5 komodo dragons
  2 ice devils (Lair:2)
  A troll (D:9)
  2 hornets
  3 blink frogs (Lair:2)
  2 wyverns
  34 yaks
  A basilisk (Lair:2)
  A steam dragon (D:7)
  Grum (Lair:1)
  A water moccasin (Lair:1)
  2 sky beasts
  2 ice beasts
  An orc warrior (D:8)
  2 black bears
  8 wolves (Lair:1)
  A centaur (D:9)
  A kobold brigand (D:8)
  4 lemures (D:5)
  13 bullfrogs
  4 scorpions
  3 wights (D:7)
  28 killer bees
  5 howler monkeys (D:9)
  2 hounds
  2 orc priests
  6 iguanas
  3 sleepcaps
  Ijyb (D:3)
  6 orc wizards
  5 adders
  7 gnolls
  4 white imps
  3 worms
  5 dart slugs
  32 orcs
  5 ball pythons
  7 endoplasms
  2 giant cockroaches (D:2)
  5 goblins
  11 hobgoblins
  8 jackals
  12 kobolds
  A quokka (D:4)
  8 bats
  7 frilled lizards
  6 rats
288 creatures vanquished.

Notes
Turn   | Place    | Note
-------+----------+-------------------------------------------
     0 | D:1      | qw the Gargoyle Fighter began the quest for the Orb.
     0 | D:1      | Reached XP level 1. HP: 14/14 MP: 1/1
     0 | D:1      | 0 ||| qw: Version: 0.2-a-29-g511e9b1
     0 | D:1      | 0 ||| qw: Game counter: 5206
     0 | D:1      | 0 ||| qw: Always use a shield: true
     0 | D:1      | 0 ||| qw: God list: Okawaru
     0 | D:1      | 0 ||| qw: Allow faded altars: false
     0 | D:1      | 0 ||| qw: Do Orc after D:15 true
     0 | D:1      | 0 ||| qw: Do second Lair branch before Depths: true
     0 | D:1      | 0 ||| qw: Lair rune preference: random
     0 | D:1      | 0 ||| qw: Plans: Normal, Zot:1-4, Slime:5, God:TSO, Crypt,
                  | Tomb, Abyss, Pan, Hells, Win
     0 | D:1      | 0 ||| PLANNING D:1-11
    71 | D:1      | 71 ||| Stepping ~*~*~tactically~*~*~ (stealth).
    79 | D:1      | Reached skill level 2 in Axes
    84 | D:1      | 84 ||| Stepping ~*~*~tactically~*~*~ (stealth).
   145 | D:1      | Reached XP level 2. HP: 18/19 MP: 2/2
   336 | D:1      | 336 ||| FLEEEEING.
   337 | D:1      | 337 ||| FLEEEEING.
   338 | D:1      | 338 ||| FLEEEEING.
   339 | D:1      | 339 ||| FLEEEEING.
   340 | D:1      | 340 ||| FLEEEEING.
   491 | D:1      | Reached skill level 3 in Axes
   585 | D:1      | 585 ||| Stepping ~*~*~tactically~*~*~ (stealth).
   591 | D:1      | Reached XP level 3. HP: 20/23 MP: 3/3
   754 | D:1      | 754 ||| READING scroll labelled DYENUL XUUROAGRU.
   818 | D:2      | 818 ||| Stepping ~*~*~tactically~*~*~ (stealth).
   848 | D:2      | 848 ||| Stepping ~*~*~tactically~*~*~ (stealth).
   850 | D:2      | 850 ||| Stepping ~*~*~tactically~*~*~ (hiding).
   854 | D:2      | 854 ||| Stepping ~*~*~tactically~*~*~ (hiding).
   962 | D:2      | 962 ||| DROPPING +0 club.
  1040 | D:2      | 1040 ||| Stepping ~*~*~tactically~*~*~ (stealth).
  1042 | D:2      | 1042 ||| Stepping ~*~*~tactically~*~*~ (hiding).
  1177 | D:2      | 1177 ||| Stepping ~*~*~tactically~*~*~ (stealth).
  1217 | D:2      | Found a bloodstained altar of Trog.
  1271 | D:2      | Reached XP level 4. HP: 27/28 MP: 4/4
  1379 | D:2      | Reached skill level 4 in Axes
  1558 | D:2      | Found a faded altar of an unknown god.
  1661 | D:2      | 1661 ||| Stepping ~*~*~tactically~*~*~ (hiding).
  1845 | D:2      | 1845 ||| READING scroll labelled HEATASS ESHUA.
  1846 | D:2      | 1846 ||| READING 3 scrolls labelled LOPTOK SUHO.
  1850 | D:2      | 1850 ||| READING scroll labelled PUGO HEAHYRGH.
  1851 | D:2      | 1851 ||| READING scroll labelled LUJISMUXKI.
  1852 | D:2      | 1852 ||| READING scroll labelled ZULOUCLE UNYPH.
  1874 | D:3      | Found a basalt altar of Yredelemnul.
  2238 | D:3      | Noticed Ijyb
  2307 | D:3      | Killed Ijyb
  2308 | D:3      | Reached XP level 5. HP: 15/32 MP: 5/5
  2802 | D:3      | 2802 ||| READING scroll labelled HATTIS UHUOKHA.
  2803 | D:3      | 2803 ||| DRINKING 2 metallic emerald potions.
  2976 | D:4      | Reached skill level 5 in Axes
  3067 | D:4      | 3067 ||| Stepping ~*~*~tactically~*~*~ (hiding).
  3100 | D:4      | 3100 ||| DROPPING +3 whip.
  3133 | D:4      | 3133 ||| Stepping ~*~*~tactically~*~*~ (hiding).
  3162 | D:4      | Reached XP level 6. HP: 25/38 MP: 6/6
  3215 | D:4      | 3215 ||| DROPPING +0 flail.
  3257 | D:4      | Identified the +6 short sword "Quir" {vamp, MP+9 Dex+3}
  3338 | D:4      | Reached skill level 1 in Dodging
  3677 | D:4      | 3677 ||| UPGRADING to +1 ring mail of fire resistance.
  3687 | D:4      | 3687 ||| DROPPING ring of wizardry.
  3688 | D:4      | 3688 ||| DRINKING 3 red potions.
  3689 | D:4      | 3689 ||| DRINKING 2 pink potions.
  3690 | D:4      | 3690 ||| DROPPING potion of brilliance.
  3718 | D:5      | Entered Level 5 of the Dungeon
  3719 | D:5      | 3719 ||| Stepping ~*~*~tactically~*~*~ (hiding).
  3729 | D:5      | 3729 ||| STAIRDANCE
  3737 | D:4      | Reached XP level 7. HP: 25/43 MP: 7/7
  3824 | D:5      | Reached skill level 6 in Axes
  3830 | D:5      | HP: 9/43 [gnoll/+0 halberd (3)]
  3831 | D:5      | 3831 ||| READING 2 scrolls of teleportation.
  3832 | D:5      | 3832 ||| DRINKING potion of heal wounds.
  3936 | D:5      | 3936 ||| Stepping ~*~*~tactically~*~*~ (stealth).
  3939 | D:5      | Found a bloodstained altar of Trog.
  4004 | D:5      | 4004 ||| Stepping ~*~*~tactically~*~*~ (stealth).
  4120 | D:5      | 4120 ||| Stepping ~*~*~tactically~*~*~ (hiding).
  4121 | D:5      | 4121 ||| Stepping ~*~*~tactically~*~*~ (hiding).
  4261 | D:5      | Found a broken altar of Ashenzari.
  4298 | D:5      | HP: 5/43 [ice beast (9)]
  4299 | D:5      | 4299 ||| READING scroll of teleportation.
  4485 | D:5      | Noticed Pikel
  4497 | D:5      | Reached skill level 7 in Axes
  4499 | D:5      | HP: 9/43 [Pikel/+2 whip of flaming (7)]
  4500 | D:5      | HP: 3/43 [Pikel/+2 whip of flaming (4)]
  4501 | D:5      | HP: 1/43 [Pikel/+2 whip of flaming (2)]
  4503 | D:5      | Killed Pikel
  4504 | D:5      | Reached XP level 8. HP: 2/53 MP: 8/8
  4797 | D:5      | Found a staircase to the Ecumenical Temple.
  4798 | D:5      | 4798 ||| PLANNING TEMPLE
  4809 | D:5      | Reached skill level 1 in Throwing
  4821 | D:5      | 4821 ||| UPGRADING to +0 helmet.
  4826 | D:5      | 4826 ||| READING scroll labelled ULURRE DUTUARI.
  4827 | D:5      | 4827 ||| READING 2 scrolls labelled OLELEKOMIO.
  4828 | D:5      | 4828 ||| READING scroll of enchant armour.
  4828 | D:5      | 4828 ||| ENCHANTING +0 helmet.
  4829 | D:5      | 4829 ||| READING 3 scrolls of identify.
  4829 | D:5      | 4829 ||| IDENTIFYING fuming brown potion
  4830 | D:5      | 4830 ||| READING 2 scrolls of identify.
  4830 | D:5      | 4830 ||| IDENTIFYING clear potion
  4831 | D:5      | 4831 ||| DROPPING potion of ambrosia.
  4832 | D:5      | 4832 ||| DROPPING potion of enlightenment.
  4841 | Temple   | Entered the Ecumenical Temple
  4886 | Temple   | 4886 ||| PLANNING D:1-11
  4953 | D:6      | 4953 ||| STAIRDANCE
  5035 | D:6      | 5035 ||| Stepping ~*~*~tactically~*~*~ (hiding).
  5059 | D:6      | 5059 ||| Stepping ~*~*~tactically~*~*~ (stealth).
  5060 | D:6      | 5060 ||| Stepping ~*~*~tactically~*~*~ (stealth).
  5161 | D:6      | Reached skill level 8 in Axes
  5273 | D:6      | Reached XP level 9. HP: 55/57 MP: 9/9
  5293 | D:6      | Found Omoit's Jewellery Emporium.
  5302 | D:6      | 5302 ||| FLEEEEING.
  5303 | D:6      | 5303 ||| FLEEEEING.
  5304 | D:6      | 5304 ||| FLEEEEING.
  5305 | D:6      | 5305 ||| FLEEEEING.
  5307 | D:6      | 5307 ||| FLEEEEING.
  5308 | D:6      | 5308 ||| FLEEEEING.
  5309 | D:6      | 5309 ||| FLEEEEING.
  5310 | D:6      | 5310 ||| FLEEEEING.
  5311 | D:6      | 5311 ||| FLEEEEING.
  5312 | D:6      | 5312 ||| FLEEEEING.
  5313 | D:6      | 5313 ||| FLEEEEING.
  5314 | D:6      | 5314 ||| FLEEEEING.
  5315 | D:6      | 5315 ||| FLEEEEING.
  5321 | D:6      | 5321 ||| FLEEEEING.
  5322 | D:6      | 5322 ||| FLEEEEING.
  5326 | D:6      | 5326 ||| FLEEEEING.
  5327 | D:6      | 5327 ||| FLEEEEING.
  5328 | D:6      | 5328 ||| FLEEEEING.
  5329 | D:6      | 5329 ||| FLEEEEING.
  5330 | D:6      | 5330 ||| FLEEEEING.
  5331 | D:6      | 5331 ||| Stepping ~*~*~tactically~*~*~ (hiding).
  5379 | D:6      | 5379 ||| Stepping ~*~*~tactically~*~*~ (stealth).
  5382 | D:6      | 5382 ||| Stepping ~*~*~tactically~*~*~ (stealth).
  5397 | D:6      | HP: 12/57 [killer bee (3)]
  5404 | D:6      | HP: 4/57 [killer bee (6)]
  5414 | D:6      | Reached skill level 9 in Axes
  5625 | D:6      | Found Ilocsaof's Jewellery Emporium.
  5635 | D:6      | 5635 ||| SHOPLISTING +4 ring of protection (504 gold, have
                  | 467).
  5635 | D:6      | 5635 ||| SHOPLISTING ring "Ukuj" {Will+ Str+6} (680 gold,
                  | have 467).
  5635 | D:6      | 5635 ||| BUYING ring of protection from fire (350 gold).
  5635 | D:6      | Bought a ring of protection from fire for 350 gold pieces
  5635 | D:6      | 5635 ||| SHOPLISTING ring of willpower (350 gold, have
                  | 117).
  5671 | D:6      | 5671 ||| SHOPLISTING amulet of reflection (360 gold, have
                  | 117).
  5671 | D:6      | 5671 ||| SHOPLISTING amulet of the acrobat (360 gold, have
                  | 117).
  5671 | D:6      | 5671 ||| SHOPLISTING ring of fire (300 gold, have 117).
  5671 | D:6      | 5671 ||| SHOPLISTING ring of positive energy (240 gold,
                  | have 117).
  5671 | D:6      | 5671 ||| SHOPLISTING ring of protection from cold (300
                  | gold, have 117).
  5717 | D:6      | Found a snail-covered altar of Cheibriados.
  5788 | D:6      | Found Elomm's Armour Boutique.
  5790 | D:6      | Found Hiarhalo's Antique Armour Shoppe.
  5795 | D:6      | 5795 ||| SHOPLISTING +3 hat of Pondering {ponderous, Will+
                  | MP+10 Int+5} (1066 gold, have 117).
  5795 | D:6      | 5795 ||| SHOPLISTING pair of boots (126 gold, have 117).
  5795 | D:6      | 5795 ||| SHOPLISTING shiny plate armour (728 gold, have
                  | 117).
  5795 | D:6      | 5795 ||| SHOPLISTING shiny ring mail (196 gold, have 117).
  5795 | D:6      | 5795 ||| SHOPLISTING smoking chain mail (266 gold, have
                  | 117).
  5798 | D:6      | 5798 ||| SHOPLISTING +0 plate armour (253 gold, have 117).
  5798 | D:6      | 5798 ||| SHOPLISTING +0 plate armour of cold resistance
                  | (330 gold, have 117).
  5798 | D:6      | 5798 ||| SHOPLISTING +1 scale mail of Yshron {rF- Regen+
                  | Str+2 SInv} (191 gold, have 117).
  5798 | D:6      | 5798 ||| SHOPLISTING +3 ring mail of cold resistance (286
                  | gold, have 117).
  5989 | D:6      | Found Sampuvoc's Distillery.
  5994 | D:6      | 5994 ||| SHOPLISTING 2 potions of heal wounds (120 gold,
                  | have 117).
  5994 | D:6      | 5994 ||| SHOPLISTING potion of haste (120 gold, have 117).
  5994 | D:6      | 5994 ||| BUYING potion of heal wounds (60 gold).
  5994 | D:6      | Bought a potion of heal wounds for 60 gold pieces
  5994 | D:6      | 5994 ||| BUYING potion of might (48 gold).
  5994 | D:6      | Bought a potion of might for 48 gold pieces
  6070 | D:6      | 6070 ||| DROPPING +0 scale mail.
  6071 | D:6      | 6071 ||| UPGRADING to +0 chain mail.
  6081 | D:6      | 6081 ||| UPGRADING to amulet of faith.
  6086 | D:6      | 6086 ||| UPGRADING to ring of protection from fire.
  6087 | D:6      | 6087 ||| READING scroll labelled ZIUB ZO JINI.
  6088 | D:6      | 6088 ||| READING 2 scrolls of identify.
  6088 | D:6      | 6088 ||| IDENTIFYING glowing coppery potion
  6128 | D:7      | 6128 ||| FLEEEEING.
  6129 | D:7      | 6129 ||| FLEEEEING.
  6130 | D:7      | 6130 ||| FLEEEEING.
  6131 | D:7      | 6131 ||| STAIRDANCE
  6240 | D:7      | HP: 14/57 [killer bee (2)]
  6241 | D:7      | 6241 ||| READING 2 scrolls of teleportation.
  6242 | D:7      | 6242 ||| DRINKING potion of heal wounds.
  6409 | D:7      | Identified the ring of Kely {rPois Will- rCorr Str+5
                  | Stlth+}
  6683 | D:7      | Reached skill level 10 in Axes
  6686 | D:7      | 6686 ||| Stepping ~*~*~tactically~*~*~ (stealth).
  6687 | D:7      | 6687 ||| Stepping ~*~*~tactically~*~*~ (stealth).
  6713 | D:7      | 6713 ||| Stepping ~*~*~tactically~*~*~ (stealth).
  6799 | D:7      | 6799 ||| Stepping ~*~*~tactically~*~*~ (stealth).
  6881 | D:7      | 6881 ||| Stepping ~*~*~tactically~*~*~ (hiding).
  6882 | D:7      | 6882 ||| Stepping ~*~*~tactically~*~*~ (hiding).
  6883 | D:7      | 6883 ||| Stepping ~*~*~tactically~*~*~ (hiding).
  6884 | D:7      | 6884 ||| Stepping ~*~*~tactically~*~*~ (hiding).
  6963 | D:7      | 6963 ||| Stepping ~*~*~tactically~*~*~ (stealth).
  6972 | D:7      | 6972 ||| Stepping ~*~*~tactically~*~*~ (stealth).
  7150 | D:7      | Noticed a hornet
  7164 | D:7      | Killed a hornet
  7165 | D:7      | Reached XP level 10. HP: 48/64 MP: 10/10
  7231 | D:7      | Found a shadowy altar of Dithmenos.
  7236 | D:7      | 7236 ||| UPGRADING to ring of Kely {rPois Will- rCorr Str+5
                  | Stlth+}.
  7237 | D:7      | 7237 ||| READING scroll labelled ARAESI MICAHO.
  7238 | D:7      | 7238 ||| READING scroll labelled ROCEES VOUGU.
  7239 | D:7      | 7239 ||| READING 4 scrolls of identify.
  7239 | D:7      | 7239 ||| IDENTIFYING bubbling purple potion
  7240 | D:7      | 7240 ||| READING 3 scrolls of identify.
  7240 | D:7      | 7240 ||| IDENTIFYING fizzy yellow potion
  7241 | D:7      | 7241 ||| DROPPING potion of berserk rage.
  7269 | D:8      | 7269 ||| PLANNING OSSUARY
  7409 | D:8      | 7409 ||| Stepping ~*~*~tactically~*~*~ (stealth).
  7410 | D:8      | 7410 ||| Stepping ~*~*~tactically~*~*~ (stealth).
  7416 | D:8      | 7416 ||| Stepping ~*~*~tactically~*~*~ (stealth).
  7447 | D:8      | Found a blossoming altar of Fedhas.
  7459 | D:8      | Found a transporter.
  7472 | D:8      | 7472 ||| Stepping ~*~*~tactically~*~*~ (stealth).
  7473 | D:8      | 7473 ||| Stepping ~*~*~tactically~*~*~ (stealth).
  7479 | D:8      | 7479 ||| Stepping ~*~*~tactically~*~*~ (stealth).
  7611 | D:8      | Found a sparkling altar of Nemelex Xobeh.
  7668 | D:8      | Found a burning altar of Makhleb.
  7670 | D:8      | Noticed a balrug
  7711 | D:8      | Reached skill level 11 in Axes
  7901 | D:8      | Found a transporter.
  8027 | D:8      | 8027 ||| RIP OSSUARY
  8028 | D:8      | 8028 ||| PLANNING D:1-11
  8051 | D:8      | 8051 ||| Stepping ~*~*~tactically~*~*~ (stealth).
  8125 | D:8      | 8125 ||| Stepping ~*~*~tactically~*~*~ (stealth).
  8447 | D:8      | 8447 ||| DROPPING +0 ring mail of poison resistance.
  8448 | D:8      | 8448 ||| UPGRADING to +6 ring of strength.
  8450 | D:8      | 8450 ||| READING 3 scrolls labelled FOEXTA CAUTH.
  8494 | D:8      | 8494 ||| DROPPING 2 scrolls of torment.
  8774 | D:9      | Reached skill level 9 in Fighting
  8805 | D:9      | Noticed a two-headed ogre
  8812 | D:9      | Killed a two-headed ogre
  8937 | D:9      | 8937 ||| Stepping ~*~*~tactically~*~*~ (stealth).
  8959 | D:9      | Reached skill level 12 in Axes
  8959 | D:9      | Reached XP level 11. HP: 49/71 MP: 11/11
  9126 | D:9      | 9126 ||| Stepping ~*~*~tactically~*~*~ (hiding).
  9300 | D:9      | Found a staircase to the Lair.
  9322 | D:9      | Reached skill level 6 in Armour
  9429 | D:9      | Found an iron altar of Okawaru.
  9430 | D:9      | 9430 ||| PLANNING OKAWARU WORSHIP
  9434 | D:9      | Became a worshipper of Warmaster Okawaru
  9435 | D:9      | 9435 ||| PLANNING D:1-11
  9523 | D:9      | 9523 ||| Stepping ~*~*~tactically~*~*~ (stealth).
  9887 | D:9      | 9887 ||| PLANNING LAIR
  9891 | Lair:1   | Entered Level 1 of the Lair of Beasts
  9894 | Lair:1   | 9894 ||| STAIRDANCE
  9897 | D:9      | Reached skill level 6 in Shields
  9899 | Lair:1   | 9899 ||| STAIRDANCE
  9906 | D:9      | Reached * piety under Okawaru
  9907 | D:9      | 9907 ||| INVOKING Heroism.
 10068 | Lair:1   | Reached skill level 1 in Invocations
 10098 | Lair:1   | 10098 ||| INVOKING Heroism.
 10164 | Lair:1   | Noticed Grum
 10165 | Lair:1   | 10165 ||| INVOKING Heroism.
 10183 | Lair:1   | 10183 ||| INVOKING Heroism.
 10184 | Lair:1   | Killed Grum
 10329 | Lair:1   | 10329 ||| Stepping ~*~*~tactically~*~*~ (stealth).
 10331 | Lair:1   | 10331 ||| Stepping ~*~*~tactically~*~*~ (stealth).
 10343 | Lair:1   | Reached skill level 3 in Invocations
 10392 | Lair:1   | Reached ** piety under Okawaru
 10422 | Lair:1   | Noticed Nergalle
 10423 | Lair:1   | 10423 ||| INVOKING Heroism.
 10437 | Lair:1   | Killed Nergalle
 10456 | Lair:1   | 10456 ||| INVOKING Heroism.
 10564 | Lair:1   | Reached skill level 13 in Axes
 10573 | Lair:1   | 10573 ||| Stepping ~*~*~tactically~*~*~ (stealth).
 10585 | Lair:1   | 10585 ||| INVOKING Heroism.
 10597 | Lair:1   | Reached *** piety under Okawaru
 10601 | Lair:1   | 10601 ||| INVOKING Heroism.
 10603 | Lair:1   | Reached XP level 12. HP: 44/77 MP: 12/15
 10784 | Lair:1   | Noticed a boulder beetle
 10785 | Lair:1   | 10785 ||| INVOKING Heroism.
 10804 | Lair:1   | Killed a boulder beetle
 11006 | Lair:1   | 11006 ||| INVOKING Heroism.
 11146 | Lair:1   | Reached **** piety under Okawaru
 11330 | Lair:1   | 11330 ||| READING 2 scrolls of identify.
 11330 | Lair:1   | 11330 ||| IDENTIFYING bubbling orange potion
 11351 | Lair:2   | 11351 ||| INVOKING Heroism.
 11360 | Lair:2   | Reached skill level 14 in Axes
 11379 | Lair:2   | 11379 ||| FLEEEEING.
 11380 | Lair:2   | 11380 ||| STAIRDANCE
 11453 | Lair:2   | 11453 ||| Stepping ~*~*~tactically~*~*~ (stealth).
 11458 | Lair:2   | 11458 ||| Stepping ~*~*~tactically~*~*~ (stealth).
 11482 | Lair:2   | 11482 ||| Stepping ~*~*~tactically~*~*~ (stealth).
 11524 | Lair:2   | 11524 ||| Stepping ~*~*~tactically~*~*~ (stealth).
 11524 | Lair:2   | Found a frozen archway.
 11552 | Lair:2   | 11552 ||| INVOKING Heroism.
 11559 | Lair:2   | Received a gift from Okawaru
 11671 | Lair:2   | Found a staircase to the Swamp.
 11713 | Lair:2   | Noticed Fannar
 11727 | Lair:2   | 11727 ||| INVOKING Heroism.
 11735 | Lair:2   | HP: 5/78 [Fannar/bolt of cold (21)]
 11736 | Lair:2   | 11736 ||| READING 2 scrolls of teleportation.
 11737 | Lair:2   | Slain by Fannar

Levels and vault maps discovered:
D:1:      evilmike_arrival_rings, layout_loops_ring
D:2:      minmay_alternating_diamond, layout_basic, basic_ecumenical_altar,
          basic_altar
D:3:      layout_basic, mainiacjoe_overflow_boulevard, minmay_mini_jars,
          uniq_ijyb
D:4:      layout_loops_ring, kennysheep_generic_room_14
D:5:      layout_rooms, evilmike_ruin_ashenzari,
          mainiacjoe_overflow_small_starburst, minmay_temple_entry_purple_smoke,
          uniq_pikel
D:6:      layout_gridville, mainiacjoe_overflow_alcove_1, serial_shops,
          nicolae_shop_tiny_statue_garden, shop, shop, shop, shop, serial_bayou,
          serial_bayou_lagoon_a, serial_bayou_ford_a, serial_bayou_pond_e,
          serial_bayou_shore_b, serial_bayou_pond_a, serial_bayou_shore_a,
          uniq_crazy_yiuf_cottage
D:7:      layout_basic, kennysheep_mini
D:8:      gammafunk_cloud_chamber, layout_basic,
          nemelex_xobeh_ov_fountains_minmay, makhleb_altar_promises_db,
          mainiacjoe_overflow_brackets, lightli_ossuary_entry_decrepit_ruins,
          nicolae_nh_ransacked_shop
D:9:      layout_loops_corners, mainiacjoe_overflow_six_doors_small,
          david_lair_shrubbed, dk_noncrumbling_2
Temple:   cyrus_circular_temple
Lair:1:   layout_hall_layers, grunt_megastairs_1, uniq_grum, uniq_nergalle
Lair:2:   layout_hall_layers, swamp_mist, nicolae_snake_entry_warm_welcome,
          portal_ice_cave_demonic_guard, pdpol_lair_cabin_in_the_woods,
          grunt_megastairs_3, uniq_fannar

Skill      XL: |  1  2  3  4  5  6  7  8  9 10 11 12 |
---------------+-------------------------------------+-----
Axes           | 2 3 4 5 7 8 10 12 13 14 | 14.1
Fighting       | 4 7 8 9 10 | 10.3
Dodging        | 1 2 |  2.0
Throwing       | 1 |  1.3
Shields        | 4 5 6 |  6.7
Armour         | 5 7 |  7.1
Invocations    | 4 5 |  5.9

Action                     |  1- 3 |  4- 6 |  7- 9 | 10-12 || total
---------------------------+-------+-------+-------+-------++-------
  Melee: War axe           |    97 |   182 |   316 |   457 ||  1052
  Throw: Boomerang         |    21 |    37 |    85 |    55 ||   198
 Invoke: Heroism           |       |       |       |    13 ||    13
    Use: Scroll            |     1 |     6 |    10 |     7 ||    24
         Potion            |       |     3 |     2 |       ||     5
 Armour: Scale mail        |    44 |   131 |       |       ||   175
         Ring mail         |       |     6 |   138 |       ||   144
         Chain mail        |       |       |   119 |   224 ||   343
  Dodge: Dodged            |    52 |    96 |   225 |   211 ||   584
  Block: Buckler           |    15 |    40 |    83 |   105 ||   243

Table legend:
 A = Non-vault XP
 B = Vault XP
 C = Vault XP percentage of total XP
 D = Non-vault monster count
 E = Vault monster count
 F = Vault count percentage of total count
                 A         B        C        D         E       F
            +---------+---------+-------+---------+---------+-------
      Total |   20213 |    5871 |  22.5 |     243 |      41 |  14.4
            +---------+---------+-------+---------+---------+-------
        D:1 |      42 |       0 |   0.0 |      25 |       0 |   0.0
        D:2 |      57 |       7 |  10.9 |      21 |       5 |  19.2
        D:3 |      34 |      67 |  66.3 |      11 |      11 |  50.0
        D:4 |     376 |       1 |   0.3 |      21 |       1 |   4.5
        D:5 |     743 |     673 |  47.5 |      20 |       1 |   4.8
        D:6 |     927 |       0 |   0.0 |      20 |       0 |   0.0
        D:7 |    1802 |       0 |   0.0 |      23 |       0 |   0.0
        D:8 |    1924 |      47 |   2.4 |      30 |       5 |  14.3
        D:9 |    4569 |     372 |   7.5 |      30 |       1 |   3.2
     Lair:1 |    7182 |    2678 |  27.2 |      31 |      11 |  26.2
     Lair:2 |    2557 |    2026 |  44.2 |      11 |       6 |  35.3
            +---------+---------+-------+---------+---------+-------
